 Dungeon Crawl Stone Soup version 0.29-a0-375-g5102b3be25 (webtiles) character file.

Game seed: 17207163385130698145

53 cbfl8 the Sneak (level 3, -2/33 HPs)
             Began as a Minotaur Delver on May 3, 2022.
             Killed from afar by an orc wizard (5 damage)
             ... with a puff of flame
             ... on level 2 of the Dungeon.
             The game lasted 00:01:22 (570 turns).

cbfl8 the Sneak (Minotaur Delver)                    Turns: 570, Time: 00:01:22

Health: -2/33      AC:  7    Str: 18    XL:     3   Next: 64%
Magic:  2/2        EV: 10    Int:  7    God:
Gold:   5          SH:  0    Dex: 11    Spells: 2/2 levels left

rFire   . . .      SeeInvis .   a - +0 hand axe
rCold   . . .      Faith    .   (no shield)
rNeg    . . .      Spirit   .   j - +0 scale mail
rPois   .          Reflect  .   (helmet restricted)
rElec   .          Harm     .   (no cloak)
rCorr   .          Rampage  .   (no gloves)
Will    .....                   h - +0 pair of boots
Stlth   +.........              (no amulet)
HPRegen 0.11/turn               (no ring)
MPRegen 0.08/turn               (no ring)

@: lethally poisoned (-2 -> -4), hasted, very quick
A: horns 2, retaliatory headbutt
a: no special abilities


You were on level 2 of the Dungeon.
You visited 1 branch of the dungeon, and saw 4 of its levels.

You collected 5 gold pieces.

Inventory:

Hand Weapons
 a - a +0 hand axe (weapon)
Missiles
 m - a throwing net (quivered)
Armour
 b - a +0 leather armour
 h - a +0 pair of boots (worn)
 j - a +0 scale mail (worn)
Wands
 g - a wand of digging (3)
Scrolls
 c - a scroll of fog
 d - a scroll of magic mapping
 i - a scroll of enchant armour {unknown}
 l - a scroll of vulnerability {unknown}
Potions
 e - a potion of lignification {unknown}
 k - a potion of magic {unknown}


   Skills:
 + Level 4.1 Fighting
 + Level 2.9 Axes
 + Level 0.3 Armour
 + Level 2.3 Dodging
 + Level 4.8 Stealth


You had 2 spell levels left.
You didn't know any spells.
Your spell library contained the following spells:

 Spells                   Type           Power      Damage    Failure   Level
 Inner Flame              Hex/Fire       0%         N/A       99%         3
 Cause Fear               Hex            0%         N/A       100%        4
 Discord                  Hex            0%         N/A       100%        8


Dungeon Overview and Level Annotations

Branches:
Dungeon (5/15)
 Temple: D:4-7

Altars:


Innate Abilities, Weirdness & Mutations

You have a pair of horns on your head.
You reflexively headbutt those who attack you in melee.


Message History

Found 5 gold pieces.
There is a stone staircase leading down here.
You now have 5 gold pieces.
Found 17 stones.
An adder comes into view.
An orc comes into view. It is wielding a +1 whip of flaming.
The orc shouts!
The adder hisses angrily.
You hear a shout! x2
The adder barely misses you. You furiously retaliate!
You headbutt the adder! The adder barely misses you.
An orc wizard comes into view. It is wielding a +0 dagger.
The orc moves out of view.
An orc wizard comes into view. It is wielding a +0 dagger.
You barely miss the adder.
The orc wizard shouts!
Your headbutt misses the adder.
The adder is almost dead.
You hear a shout!
The adder bites you.
You are poisoned.
The adder poisons you!
An orc priest comes into view. It is wielding a +0 hand axe.
You barely miss the adder. Your headbutt misses the adder.
The adder is almost dead.
You feel sick. The adder closely misses you.
The orc priest mumbles some strange prayers to Beogh against you.
Beogh smites you! The adder bites you but does no damage.
Unknown command.
You hit the adder.
You kill the adder!
You feel sick.
The orc priest invokes the aid of Beogh against you.
Beogh smites you!
* * * LOW HITPOINT WARNING * * *
Okay, then.
You feel yourself speed up.
* * * LOW HITPOINT WARNING * * *
You feel sick. The orc wizard casts a spell at you. The puff of flame hits you.
You die...

# ###.###....#
#.......(....#
#.###...#...#
#..........#
#.#.......#######.
###.................
...#.........>.....
##.##.....#########
#.@..........#
#..#########..# #...
.# #...§ # #.....
#...o.o .......o
.#..≈..o≈


You could see an orc priest, 2 orc wizards and an orc.

Vanquished Creatures
  An orc wizard (D:3)
  2 adders
  A ball python (D:3)
  2 giant cockroaches (D:4)
  3 goblins (D:4)
  A hobgoblin (D:3)
10 creatures vanquished.

Notes
Turn   | Place    | Note
-------+----------+-------------------------------------------
     0 | D:5      | cbfl8 the Minotaur Delver began the quest for the Orb.
     0 | D:5      | Reached XP level 1. HP: 19/19 MP: 0/0
   104 | D:4      | Reached XP level 2. HP: 27/27 MP: 1/1
   105 | D:4      | Noticed an ogre
   140 | D:3      | Reached XP level 3. HP: 3/33 MP: 2/2
   570 | D:2      | Killed from afar by an orc wizard

Illustrated notes

Levels and vault maps discovered:
D:2:      cheibrodos_pilgrimage, layout_loops_ring, serial_co_window_serial,
          co_window_of_opportunity_a, co_window_paths_b, co_window_corner_a,
          co_window_corner_a, co_window_of_opportunity_a, co_window_paths_c,
          co_window_corner_ca, co_window_corner_b, co_window_4corner_a,
          glass_columns_a, glass_columns_b, glass_columns_b, glass_columns_c
D:3:      layout_loops_ring, serial_shops, nicolae_shop_bloodbath_and_beyond,
          gammafunk_ghost_nasty_kobolds, hellmonk_ecumenical_altar_zigzags
D:4:      layout_rooms, serial_park_tiny_pond, minmay_fractal_squares_5
D:5:      layout_gridville, temple_fountains

Skill      XL: |  1  2 |
---------------+-------+-----
Fighting       | 4 |  4.1
Axes           | |  2.9
Armour         | |  0.3
Dodging        | |  2.3
Stealth        | |  4.8

Action                   || total
-------------------------++-------
Melee: Hand axe          ||    28
       Headbutt          ||     1
  Use: Scroll            ||     1
       Potion            ||     1
Armor: Scale mail        ||    22
       Leather armour    ||     2
Dodge: Dodged            ||    10

Table legend: (Time is in decaauts)
 A = Elapsed time spent in this place.
 B = Non-inter-level travel time spent in this place.
 C = Inter-level travel time spent in this place.
 D = Time resting spent in this place.
 E = Time spent auto-exploring this place.
 F = Levels seen in this place.
 G = Mean time per level.
                   A        B        C        D        E       F      G
               +--------+--------+--------+--------+--------+-----+--------+
         Total |    574 |    574 |      0 |    338 |      0 |   4 |  143.5 |
       Dungeon |    574 |    574 |      0 |    338 |      0 |   4 |  143.5 |
               +--------+--------+--------+--------+--------+-----+--------+

Top non-repeatable levels by time:
     D:3: 437 daAuts
     D:4: 74 daAuts
     D:5: 42 daAuts
     D:2: 20 daAuts
